 Dungeon Crawl Stone Soup version 0.30-a0-1104-g706747fef1 (webtiles) character file.

Game seed: 11122298451839370290

122492 Essalna the Scorcher (level 16, -10/107 HPs)
             Began as a Tengu Fire Elementalist on Apr 19, 2023.
             Was a High Priest of Vehumet.
             Killed from afar by Essalna's illusion (illusionary) (40 damage)
             ... woven by Mara
             ... on level 3 of the Swamp.
             The game lasted 01:32:23 (33333 turns).

Essalna the Scorcher (Tengu Fire Elementalist)     Turns: 33333, Time: 01:32:23

Health: -10/107    AC: 14    Str:  4    XL:     16   Next: 87%
Magic:  7/27       EV: 21    Int: 42    God:    Vehumet [*****.]
Gold:   2225       SH: 19    Dex: 14    Spells: 10/29 levels left

rFire   + . .      SeeInvis .    Q - staff of death "Werphoelo" {rN+ Int+6}
rCold   + . .      Faith    .    m - +2 kite shield {AC+3}
rNeg    + + .      Spirit   .    H - +2 leather armour of the Elephant {Int+4}
rPois   +          Reflect  +    R - -2 hat of the Alchemist {rElec rPois rF+ rC+ rN+ Will+ rMut rCorr}
rElec   +          Rampage  .    w - +2 cloak
rCorr   +                        I - +2 pair of gloves
rMut    +                        (boots unavailable)
Will    ++...                    S - amulet "Wepnyuschi" {Reflect Regen+ Str-2 Int+2 SH+5}
Stlth   +++                      L - ring of Baumousoa {Wiz rElec Str-3 Int+6 Stlth+}
HPRegen 1.97/turn                y - +5 ring of evasion
MPRegen 0.20/turn

@: lethally poisoned (-10 -> -10), about to teleport, flying quickly and
evasively, quick
A: beak, talons 3, nimble flight, regeneration 1
a: Renounce Religion


You were on level 3 of the Swamp.
You worshipped Vehumet.
Vehumet was extremely pleased with you.
You visited 5 branches of the dungeon, and saw 26 of its levels.
You also visited: Sewer and Gauntlet.

You collected 2918 gold pieces.
You spent 693 gold pieces at shops.

Inventory:

Hand Weapons
 e - a +2 dagger of venom
Armour
 m - a +2 kite shield of protection (worn)
 w - a +2 cloak (worn)
 H - the +2 leather armour of the Elephant (worn) {Int+4}
   (You found it on level 8 of the Dungeon)

   Int:       It affects your intelligence (+4).
 I - a +2 pair of gloves (worn)
 M - a +0 troll leather armour
 R - the -2 hat of the Alchemist (worn) {rElec rPois rF+ rC+ rN+ Will+ rMut rCorr}
   (You found it in a Gauntlet)

   rF:        It protects you from fire.
   rC:        It protects you from cold.
   rElec:     It insulates you from electricity.
   rPois:     It protects you from poison.
   rN:        It protects you from negative energy.
   rCorr:     It protects you from acid and corrosion.
   rMut:      It protects you from mutation.
   Will:      It increases your willpower.
 V - a +2 robe of the Archmagi
Magical Staves
 Q - the staff of death "Werphoelo" (weapon) {rN+ Int+6}
   (You found it in a Gauntlet)

   [staff of death]

   Base accuracy: +5 Base damage: 5 Base attack delay: 1.2 This weapon's minimum
   attack delay (0.6) is reached at skill level 12.
   Int:       It affects your intelligence (+6).
   rN:        It protects you from negative energy.
   It falls into the 'Staves' category.
   It is a one-handed weapon.
Jewellery
 b - a +4 ring of protection
 d - an amulet of faith
 g - a ring of willpower
 i - a ring of poison resistance
 y - a +5 ring of evasion (right hand)
 A - an amulet of reflection
 D - a ring of ice
 L - the ring of Baumousoa (left hand) {Wiz rElec Str-3 Int+6 Stlth+}
   (You found it in a Gauntlet)

   [ring of wizardry]

   It improves your spell success rate.
   Str:       It affects your strength (-3).
   Int:       It affects your intelligence (+6).
   rElec:     It insulates you from electricity.
   Stlth:     It makes you more stealthy.
 N - the ring of Gotinil {rN+ rCorr Slay+5}
   (You bought it in a shop on level 11 of the Dungeon)

   [ring of resist corrosion]

   Slay:      It affects your accuracy & damage with ranged weapons and melee
   (+5).
   rN:        It protects you from negative energy.
   rCorr:     It protects you from acid and corrosion.
 P - a +5 ring of evasion
 S - the amulet "Wepnyuschi" (around neck) {Reflect Regen+ Str-2 Int+2 SH+5}
   (You bought it in a shop on level 2 of the Dungeon)

   [amulet of reflection]

   It reflects blocked missile attacks.
   Str:       It affects your strength (-2).
   Int:       It affects your intelligence (+2).
   Regen:     It increases your rate of health regeneration.
   SH:        It affects your SH (+5).
 Y - a ring of see invisible
 Z - a ring of wizardry
Wands
 a - a wand of roots (43)
 k - a wand of flame (16)
 q - a wand of charming (11)
 r - a wand of mindburst (13)
 t - a wand of digging (9)
 W - a wand of light (10)
Scrolls
 c - 3 scrolls of enchant armour
 j - 4 scrolls of poison
 l - 4 scrolls of teleportation
 x - 2 scrolls of silence
 C - 4 scrolls of fear
 E - 14 scrolls of identify
 F - 4 scrolls of fog
 J - 3 scrolls of blinking
 O - 4 scrolls of butterflies
 T - a scroll of amnesia
 U - 2 scrolls of enchant weapon
 X - 2 scrolls of magic mapping
Potions
 f - 3 potions of invisibility
 h - 2 potions of ambrosia
 n - 5 potions of cancellation
 o - 4 potions of resistance
 p - 2 potions of mutation
 s - 4 potions of haste
 u - 2 potions of berserk rage
 v - 7 potions of brilliance
 z - 10 potions of curing
 B - 6 potions of might
 G - a potion of attraction
 K - 3 potions of heal wounds


   Skills:
 + Level 14.5 Fighting
 - Level 9.0 Armour
 - Level 9.2 Dodging
 - Level 2.0 Stealth
 + Level 12.1 Shields
 - Level 7.1 Spellcasting
 + Level 15.2 Conjurations
 + Level 6.8 Necromancy
 + Level 15.9 Fire Magic


You had 10 spell levels left.
You knew the following spells:

 Your Spells              Type           Power      Damage    Failure   Level
a - Foxfire               Conj/Fire      100%       2x1d9     0%          1
b - Scorch                Fire           100%       2d9       0%          2
c - Flame Wave            Conj/Fire      98%        2d20      1%          4
d - Starburst             Conj/Fire      49%        6d13      1%          6
e - Plasma Beam           Fire/Air       35%        2x1d53    4%          6

Your spell library contained the following spells:

 Spells                   Type           Power      Damage    Failure   Level
 Ozocubu's Refrigeration  Ice            7%         4d9       98%         7
 Necrotise                Necr           100%       1d9       1%          1
 Sandblast                Erth           30%        2d9       1%          1
 Shock                    Conj/Air       100%       1d9       1%          1
 Cigotuvi's Dreadful Rot  Necr/Pois/Air  100%       N/A       1%          2
 Dazzling Flash           Conj/Hex       100%       N/A       1%          3
 Inner Flame              Hex/Fire       70%        N/A       1%          3
 Stone Arrow              Conj/Erth      100%       3d13      1%          3
 Volatile Blastmotes      Fire/Tloc      100%       2d18      1%          3
 Iskenderun's Mystic Bla  Conj/Tloc      68%        2d14      1%          4
 Sticky Flame             Conj/Fire      98%        2d11      1%          4
 Irradiate                Conj/Tmut      34%        3d23      1%          5
 Orb of Destruction       Conj           48%        9d13      1%          7
 Apportation              Tloc           30%        N/A       2%          1
 Beastly Appendage        Tmut           30%        N/A       2%          1
 Summon Small Mammal      Summ           60%        N/A       2%          1
 Blink                    Tloc           30%        N/A       4%          2
 Passwall                 Tmut/Erth      12%        N/A       4%          2
 Wereblood                Tmut           15%        N/A       4%          2
 Iron Shot                Conj/Erth      34%        9d7       5%          6
 Anguish                  Hex/Necr       30%        N/A       6%          4
 Airstrike                Air            7%         2d(2-18)  8%          4
 Olgreb's Toxic Radiance  Pois           15%        N/A       8%          4
 Call Canine Familiar     Summ           15%        N/A       9%          3
 Portal Projectile        Hex/Tloc       30%        N/A       9%          3
 Spider Form              Tmut/Pois      15%        N/A       9%          3
 Summon Guardian Golem    Hex/Summ       15%        N/A       9%          3
 Swiftness                Air            15%        N/A       9%          3
 Yara's Violent Unravell  Hex/Tmut       7%         3d5       19%         5
 Spellforged Servitor     Conj/Summ      34%        N/A       24%         7
 Animate Armour           Summ/Erth      30%        N/A       26%         4
 Cause Fear               Hex            7%         N/A       26%         4
 Leda's Liquefaction      Hex/Erth       7%         N/A       26%         4
 Manifold Assault         Tloc           15%        N/A       26%         4
 Blade Hands              Tmut           7%         N/A       56%         5
 Eringya's Noxious Bog    Tmut/Pois      7%         N/A       63%         6
 Fire Storm               Conj/Fire      49%        8d12      67%         9
 Enfeeble                 Hex            7%         N/A       100%        7
 Storm Form               Tmut/Air       7%         N/A       100%        7
 Borgnjor's Revivificati  Necr           41%        N/A       100%        8
 Necromutation            Tmut/Necr      30%        N/A       100%        8
 Death's Door             Necr           41%        N/A       100%        9


Dungeon Overview and Level Annotations

Branches:
Dungeon (15/15)            Temple (1/1) D:7            Lair (5/5) D:11
  Swamp (3/4) Lair:3        Snake (0/4) Lair:2        Slime (0/5) Lair:4
    Orc (2/2) D:10            Elf (0/3) Orc:2        Vaults (0/5) D:14
 Depths (0/4) D:15          Sewer (visited)         Gauntlet (visited)

Altars:
Ashenzari
Elyvilon
Fedhas
Hepliaklqana
Nemelex Xobeh
Okawaru
Qazlal
Ru
Sif Muna
Trog
Uskayaw
Vehumet
Wu Jian
Xom
Yredelemnul

Shops:
D:2 =   D:5 (   D:9 (   D:11 *   D:13 (   Orc:2 ([*=

Annotations:
D:13 2 transporters, Dahifo's ghost, journeyman TrMo
Lair:3 3 runed translucent doors
Swamp:1 exclusion: 2 oklob plants
Swamp:3 Mara; Roxanne


Innate Abilities, Weirdness & Mutations

You have a beak for a mouth.
You have claws for feet.
Your magical nature lets you fly swiftly and evasively.
Your natural rate of healing is unusually fast.


Message History

You block Aizul's attack.
Essalna's illusion is engulfed in blazing flames.
Essalna's illusion casts a spell.
The bolt of lightning misses you. The fiery plasma misses you.
Mara blinks!
Aizul hits you.
A wave of flame ripples out!
The flame wave engulfs Essalna's illusion.
Essalna's illusion resists.
Essalna's illusion is moderately wounded.
The flame wave engulfs Aizul.
Aizul is almost dead.
The flame wave engulfs Mara.
Mara resists.
Mara is lightly wounded.
The mangrove smoulders and burns.
You feel sick.
Essalna's illusion is engulfed in blazing flames.
Essalna's illusion gestures wildly while chanting.
The bolt of lightning misses you. The fiery plasma misses you.
Aizul casts a spell at you.
You fall asleep.
You feel sick. Aizul hits you!
You wake up.
* * * LOW HITPOINT WARNING * * *
You block Essalna's illusion's attack. Aizul barely misses you.
Casting: Flame Wave (safe; 1% risk of failure)
Confirm with . or Enter, or press ? or * to list all spells.
Casting: Flame Wave (safe; 1% risk of failure)
Press: ? - help, Dir - look around, f - activate A wave of flame ripples out!
The flame wave engulfs Essalna's illusion!
Essalna's illusion resists.
Essalna's illusion is heavily wounded.
The flame wave engulfs Aizul!!
You kill Aizul!
Vehumet accepts your kill. (Press . to intensify the flame waves.)
You feel sick. You block Essalna's illusion's attack.
Mara blinks!
As you read the scroll of teleportation, it crumbles to dust.
You feel strangely unstable.
You feel sick.
Essalna's illusion gestures wildly while chanting.
The bolt of lightning misses you. The fiery plasma hits you!!! You resist.
You die...

~~~~~.~♣ ♣♣♣♣♣.~~~.. .~~~~§.♣
♣♣..~[.~....~.
.~~~~~~♣♣♣♣.~~~~~~..♣♣~.
♣..~~~~.....~§~~~~~.♣.~.
♣♣♣~~~~....R~§§§~~~§..##
♣♣.~.....(♣}.§§§§~.~~..#
..♣♣♣♣~<~..♣.§~~§.§.§§..
~.♣♣♣♣♣~§~~..§§.§~.(~... ...§
~..♣~~~~.~§.~§○☼@#.... #..~.
~~~......~~~~○~@.##. ...~~
~§~~..~~.~~~~§§○§§## #...~♣♣
~~~.~.~~~§~~~☼○§~§.####..~.~§~
~~.♣~~.<~~~~~♣♣♣§§.......~~.~~
~~~♣~~~~~~~~~♣ ♣♣~~.~.§♣♣~.~~~
..♣♣~~~~~~~~~♣♣♣♣♣.~..~..♣♣~~~
~♣♣♣~~~~~~~~~♣..♣♣~.~~.~:...~.
♣♣ ♣~~~~..~~~~~.~♣♣!~~[R.~~~.~


You could see Mara and Essalna's illusion (very poisoned).

Vanquished Creatures
  Jorgrun (D:13)
  Frances (Swamp:1)
  A thorn hunter (Swamp:1)
  Gastronok (D:8)
  A fenstrider witch (Swamp:3)
  2 orc warlords
  Aizul (Swamp:3)
  2 eleionomae
  3 bunyips (Swamp:1)
  A minotaur (Gauntlet)
  Fannar (Lair:2)
  Josephine (D:10)
  The ghost of soepkip the Fighter, a journeyman MiMo (D:10)
  A vault guard (D:14)
  9 hydras
  2 catoblepae
  8 boulder beetles
  An ogre mage (D:15)
  3 centaur warriors
  2 ghost crabs
  3 alligators
  A death yak (D:11)
  8 two-headed ogres
  2 tengu warriors
  Urug (Lair:4)
  An orc high priest (Orc:2)
  Sonja (Orc:1)
  Nergalle (Orc:2)
  Lodul (D:11)
  4 goliath frogs (Swamp:1)
  2 spriggan druids (Swamp:1)
  3 skysharks
  3 swamp dragons
  An orb spider (shapeshifter) (D:13)
  A bog body (Swamp:3)
  3 deep elf pyromancers (D:12)
  Pikel (D:4)
  2 will-o-the-wisps
  4 ugly things
  6 orc knights
  A wolf spider (Lair:1)
  A necromancer (D:15)
  5 cyclopes
  8 manticores
  5 orc sorcerers
  An oklob plant (Swamp:1)
  7 elephants
  A centaur zombie (D:15)
  2 black mambas
  3 naga magi (D:15)
  Joseph (D:8)
  17 cane toads
  An unseen horror (shapeshifter) (D:13)
  A yaktaur (shapeshifter) (D:14)
  A rime drake (shapeshifter) (D:12)
  A yaktaur (D:14)
  A tengu conjurer (Swamp:2)
  2 efreet
  A kobold demonologist (D:9)
  3 rime drakes
  6 komodo dragons
  7 trolls
  A meliai (D:14)
  7 hornets
  A harpy zombie (D:15)
  3 polar bears
  A tarantella (Lair:3)
  Prince Ribbit (D:7)
  24 blink frogs
  8 tyrant leeches
  2 jumping spiders (Lair:3)
  9 flying skulls (Gauntlet)
  8 slime creatures
  5 wraiths
  4 shadows
  A spriggan (shapeshifter) (D:11)
  2 wyverns
  8 spriggans (Swamp:1)
  A centaur simulacrum (D:15)
  4 basilisks
  67 yaks
  2 steam dragons
  3 hogs (Swamp:2)
  2 redbacks (Lair:3)
  21 vampire mosquitoes
  3 nagas (Lair:2)
  A warg (Orc:1)
  11 swamp worms
  A two-headed ogre zombie (D:10)
  4 acid dragons
  4 water moccasins
  4 black bears
  25 orc warriors
  A swamp drake (Swamp:1)
  A hornet zombie (D:15)
  4 ice beasts
  2 sky beasts
  5 boggarts (D:14)
  17 ogres
  13 wolves
  5 centaurs
  5 phantoms
  4 lemures (D:4)
  6 kobold brigands
  19 bullfrogs
  2 scorpions (D:4)
  2 gnoll sergeants
  12 wights
  10 killer bees
  2 electric eels
  8 howler monkeys
  2 jellies (D:7)
  2 gnoll boudas
  18 orc priests
  4 hounds
  A sleepcap (D:7)
  Jessica (D:2)
  2 iguanas
  29 orc wizards
  7 ogre zombies (D:10)
  17 adders
  18 gnolls
  2 river rats
  A shadow imp (D:5)
  2 white imps
  An ufetubus (D:6)
  3 worms
  81 orcs
  6 ball pythons
  3 endoplasms
  6 giant cockroaches
  5 goblins
  10 hobgoblins
  5 jackals
  6 quokkas
  4 bats
  4 frilled lizards
  2 goblin skeletons (D:10)
  5 goblin zombies (D:10)
  4 hobgoblin zombies (D:10)
  45 kobolds
  2 orc skeletons (D:10)
  12 orc zombies (D:10)
  9 rats
  11 briar patches (Swamp:1)
  A bush (Swamp:1)
855 creatures vanquished.

Vanquished Creatures (collateral kills)
  42 foxfires
42 creatures vanquished.

Vanquished Creatures (others)
  Kirke (Swamp:2)
  A bloated husk (Swamp:1)
  A yak (Lair:4)
  2986 foxfires
  44 fungi
  168 plants
  3 withered plants (Gauntlet)
3204 creatures vanquished.

Grand Total: 4101 creatures vanquished

Notes
Turn   | Place    | Note
-------+----------+-------------------------------------------
     0 | D:1      | Essalna the Tengu Fire Elementalist began the quest for the
                  | Orb.
     0 | D:1      | Reached XP level 1. HP: 10/10 MP: 4/4
   159 | D:1      | Reached XP level 2. HP: 3/16 MP: 3/6
   343 | D:1      | Reached skill level 1 in Fighting
   916 | D:2      | Noticed Jessica
   923 | D:2      | Killed Jessica
   924 | D:2      | Reached XP level 3. HP: 3/20 MP: 2/7
   925 | D:2      | HP: 1/20 [poisoned by Jessica]
   926 | D:2      | Gained mutation: Your natural rate of healing is unusually
                  | fast. [potion of mutation]
  1361 | D:2      | Reached XP level 4. HP: 26/26 MP: 8/8
  1373 | D:2      | Found Taby's Jewellery Boutique.
  2152 | D:3      | Gained mutation: Your magical nature lets you fly swiftly
                  | and evasively. [Tengu growth]
  2152 | D:3      | Reached XP level 5. HP: 21/31 MP: 1/9
  2307 | D:3      | Found a faded altar of an unknown god.
  2471 | D:3      | Noticed a black bear
  2477 | D:3      | Killed a black bear
  2478 | D:3      | Reached XP level 6. HP: 16/37 MP: 5/10
  2657 | D:3      | Learned a level 2 spell: Scorch
  2802 | D:3      | Reached skill level 5 in Fire Magic
  3347 | D:4      | Noticed Pikel
  3436 | D:4      | Reached skill level 5 in Conjurations
  3450 | D:4      | Reached XP level 7. HP: 41/42 MP: 0/11
  4429 | D:4      | Killed Pikel
  4430 | D:4      | Reached skill level 5 in Fighting
  4430 | D:4      | Reached XP level 8. HP: 12/50 MP: 2/12
  4572 | D:5      | Entered Level 5 of the Dungeon
  4572 | D:5      | Found Zops's Weapon Boutique.
  4691 | D:6      | Found a hide-covered altar of Uskayaw.
  4830 | D:6      | Found a blossoming altar of Fedhas.
  5050 | D:6      | Found a glowing drain.
  5054 | Sewer    | Entered a sewer
  5205 | Sewer    | Reached XP level 9. HP: 55/55 MP: 6/13
  5276 | Sewer    | Found a white marble altar of Elyvilon.
  5858 | D:5      | Identified a scroll of acquirement
  5858 | D:5      | Acquired a +1 kite shield of protection
  6206 | D:5      | Learned a level 4 spell: Flame Wave
  7321 | D:6      | Reached skill level 10 in Conjurations
  8050 | D:7      | Reached XP level 10. HP: 64/64 MP: 10/14
  8176 | D:7      | Found an iron altar of Okawaru.
  8203 | D:7      | Noticed Prince Ribbit
  8209 | D:7      | Killed Prince Ribbit
  8210 | D:7      | Reached skill level 1 in Shields
  8430 | D:7      | Found a staircase to the Ecumenical Temple.
  8562 | Temple   | Entered the Ecumenical Temple
  8644 | Temple   | Became a worshipper of Vehumet
  8962 | D:8      | Noticed a two-headed ogre
  8966 | D:8      | Reached skill level 10 in Fire Magic
  9501 | D:8      | Noticed Joseph
  9653 | D:8      | Killed a two-headed ogre
  9711 | D:8      | Noticed a boulder beetle
  9751 | D:8      | Noticed a boulder beetle
  9889 | D:8      | Killed a boulder beetle
  9971 | D:8      | Killed a boulder beetle
  9971 | D:8      | Reached * piety under Vehumet
  9971 | D:8      | Offered knowledge of Magic Dart by Vehumet.
  9972 | D:8      | Reached XP level 11. HP: 61/71 MP: 4/15
 10119 | D:8      | Reached skill level 5 in Shields
 10280 | D:8      | Noticed a cyclops
 10456 | D:8      | Killed a cyclops
 10478 | D:8      | Killed Joseph
 10482 | D:8      | Noticed a two-headed ogre
 10587 | D:8      | Killed a two-headed ogre
 10588 | D:8      | Reached skill level 10 in Fighting
 10842 | D:8      | Noticed Gastronok
 10873 | D:8      | Found a shimmering altar of Xom.
 11362 | D:8      | Noticed a boulder beetle
 11379 | D:8      | Killed a boulder beetle
 11448 | D:8      | Identified the +2 leather armour of the Elephant {Int+4}
 11505 | D:8      | Killed Gastronok
 11506 | D:8      | Reached skill level 1 in Armour
 11722 | D:9      | Reached ** piety under Vehumet
 11722 | D:9      | Offered knowledge of Momentum Strike by Vehumet.
 11945 | D:9      | Noticed a two-headed ogre
 11966 | D:9      | Killed a two-headed ogre
 12183 | D:9      | Found Razutysm's Antique Weapon Shop.
 12519 | D:10     | Entered Level 10 of the Dungeon
 12520 | D:10     | Found a staircase to the Orcish Mines.
 12524 | D:10     | Offered knowledge of Ignite Poison by Vehumet.
 12535 | D:10     | Reached XP level 12. HP: 55/79 MP: 11/16
 12538 | D:9      | Reached *** piety under Vehumet
 12679 | D:10     | Found a runed translucent door.
 12680 | D:10     | Noticed soepkip's ghost (journeyman MiMo)
 12750 | D:10     | Offered knowledge of Olgreb's Toxic Radiance by Vehumet.
 12767 | D:10     | Noticed Josephine
 12784 | D:10     | Killed Josephine
 13024 | D:10     | Found a sacrificial altar of Ru.
 13529 | Orc:1    | Entered Level 1 of the Orcish Mines
 13539 | Orc:1    | Noticed an orc warlord
 13697 | D:11     | Reached skill level 5 in Dodging
 13880 | D:11     | Noticed Lodul
 13886 | D:11     | Reached **** piety under Vehumet
 14025 | D:11     | Killed Lodul
 14284 | D:11     | Found Paviateh's Assorted Antiques.
 14292 | D:11     | Bought a bound copper ring for 175 gold pieces
 14292 | D:11     | Identified the ring of Gotinil {rN+ rCorr Slay+5} (You
                  | bought it in a shop on level 11 of the Dungeon)
 14412 | D:11     | Reached skill level 5 in Armour
 14578 | D:11     | Found a staircase to the Lair.
 14578 | D:11     | Noticed a death yak
 14614 | D:11     | Offered knowledge of Frozen Ramparts by Vehumet.
 14750 | D:11     | Killed a death yak
 15038 | Lair:1   | Entered Level 1 of the Lair of Beasts
 15391 | Lair:1   | Reached XP level 13. HP: 85/85 MP: 1/17
 16040 | Lair:1   | Reached ***** piety under Vehumet
 16040 | Lair:1   | Offered knowledge of Eringya's Noxious Bog by Vehumet.
 16526 | Lair:2   | Found a staircase to the Snake Pit.
 16633 | Lair:2   | Noticed Fannar
 16647 | Lair:2   | Killed Fannar
 17838 | Lair:3   | Found a staircase to the Swamp.
 18003 | Lair:3   | Found a gate leading to a gauntlet.
 18012 | Gauntlet | Entered a Gauntlet
 18012 | Gauntlet | Found a transporter.
 18012 | Gauntlet | Found a transporter.
 18012 | Gauntlet | Found a transporter.
 18016 | Gauntlet | Found a transporter.
 18016 | Gauntlet | Found a transporter.
 18054 | Gauntlet | Learned a level 6 spell: Starburst
 18095 | Gauntlet | Identified the ring of Baumousoa {Wiz rElec Str-3 Int+6
                  | Stlth+}
 18102 | Gauntlet | Identified the staff of death "Werphoelo" {rN+ Int+6}
 18202 | Gauntlet | Found a transporter.
 18294 | Gauntlet | Identified the +3 hat of Vexation {*Corrode rPois Str+2}
 18309 | Gauntlet | Noticed a minotaur
 18326 | Gauntlet | Killed a minotaur
 18333 | Gauntlet | Found the -2 hat of the Alchemist {rElec rPois rF+ rC+ rN+
                  | Will+ rMut rCorr}
 18341 | Gauntlet | Got the Secrets of the Shift
 18348 | Gauntlet | Identified the +5 ring mail "Byujuta" {Dex+4}
 18353 | Gauntlet | Got the Volume of Corruption
 18914 | Lair:3   | Offered knowledge of Fireball by Vehumet.
 19109 | Lair:3   | Found a runed translucent door.
 19275 | Lair:3   | Found a runed translucent gate.
 19275 | Lair:3   | Found a runed translucent gate.
 19275 | Lair:3   | Found a runed translucent gate.
 19275 | Lair:3   | Found a runed translucent gate.
 19276 | Lair:3   | Found a runed translucent gate.
 19277 | Lair:3   | Found a runed translucent gate.
 19343 | Lair:4   | Reached XP level 14. HP: 92/92 MP: 13/18
 19677 | Lair:4   | Noticed Urug
 19693 | Lair:4   | Killed Urug
 20098 | Lair:4   | Found a staircase to the Slime Pits.
 20416 | Lair:5   | Entered Level 5 of the Lair of Beasts
 21234 | Lair:5   | Reached skill level 10 in Shields
 21877 | Lair:5   | Got Xemige's Directory of Cinders
 22870 | D:12     | Reached XP level 15. HP: 97/98 MP: 7/22
 23432 | D:12     | Reached skill level 1 in Necromancy
 24145 | D:13     | Found Fudusoet's Antique Weapon Shop.
 24351 | D:13     | Found a transporter.
 24357 | D:13     | Found a transporter.
 24364 | D:13     | Noticed Jorgrun
 24372 | D:13     | Noticed Dahifo's ghost (journeyman TrMo)
 24373 | D:13     | Found a bloodstained altar of Trog.
 24386 | D:13     | Killed Jorgrun
 24549 | D:14     | Reached skill level 5 in Spellcasting
 25391 | D:2      | Bought the amulet "Wepnyuschi" {Reflect Regen+ Str-2 Int+2
                  | SH+5} for 518 gold pieces
 25591 | Orc:1    | Killed an orc warlord
 25705 | Orc:2    | Entered Level 2 of the Orcish Mines
 25903 | Orc:2    | Offered knowledge of Plasma Beam by Vehumet.
 26028 | Orc:1    | Learned a level 6 spell: Plasma Beam
 26374 | Orc:2    | Noticed an orc warlord
 26379 | Orc:2    | Reached skill level 15 in Fire Magic
 26385 | Orc:2    | Killed an orc warlord
 26534 | Orc:2    | Noticed Nergalle
 26545 | Orc:2    | Killed Nergalle
 26545 | Orc:2    | Reached ****** piety under Vehumet
 26706 | Orc:2    | Found Tukyen's Antique Weapon Boutique.
 26826 | Orc:2    | Found a staircase to the Elven Halls.
 26895 | Orc:2    | Found Cimmol's Jewellery Boutique.
 26956 | Orc:2    | Found Harphoamm's Antique Armour Boutique.
 26970 | Orc:2    | Found Qicic's General Store.
 27314 | Orc:1    | Noticed Sonja
 27321 | Orc:1    | Killed Sonja
 27671 | Orc:1    | Offered knowledge of Conjure Ball Lightning by Vehumet.
 27954 | D:10     | Killed soepkip's ghost
 28980 | D:14     | Found a gate to the Vaults.
 29144 | D:15     | Entered Level 15 of the Dungeon
 29395 | D:15     | Found a bloodstained altar of Trog.
 29418 | D:15     | Reached XP level 16. HP: 105/105 MP: 19/26
 29537 | D:15     | Reached skill level 5 in Necromancy
 30229 | D:15     | Found a staircase to the Depths.
 30473 | Swamp:1  | Entered Level 1 of the Swamp
 30600 | Swamp:1  | Offered knowledge of Ozocubu's Refrigeration by Vehumet.
 31007 | Swamp:1  | Noticed Frances
 31023 | Swamp:1  | Killed Frances
 31283 | Swamp:1  | Noticed a thorn hunter
 31298 | Swamp:1  | Killed a thorn hunter
 32311 | Swamp:2  | Noticed Kirke
 32327 | Swamp:2  | Killed Kirke
 32328 | Swamp:2  | Reached skill level 15 in Conjurations
 32605 | Swamp:3  | Noticed Roxanne
 32669 | Swamp:3  | Noticed a fenstrider witch
 32739 | Swamp:3  | Noticed Mara
 32927 | Swamp:3  | Killed a fenstrider witch
 33306 | Swamp:3  | Noticed Aizul
 33321 | Swamp:3  | Noticed Essalna's illusion
 33332 | Swamp:3  | Killed Aizul
 33333 | Swamp:3  | Killed from afar by Essalna's illusion (illusionary)

Illustrated notes

Levels and vault maps discovered:
D:1:      wander_arrival_lonely_grave, layout_basic
D:2:      layout_rooms, serial_shops, nicolae_shop_peninsula, minivault_19,
          amcnicky_mini_corridor_feature, minmay_fountain_box,
          minmay_pentomino_r2, uniq_jessica
D:3:      layout_basic, shapermc_ecumenical_altar_mp_highgroup
D:4:      kennysheep_six_static_rooms, layout_rooms, uniq_pikel
D:5:      kennysheep_kobold_camp, layout_cave_pools,
          lightli_ossuary_entry_decrepit_ruins, nicolae_stop_n_shop_1
D:6:      layout_basic, fedhas_altar_2, overflow_temple_1_default,
          gup_sewer_entry_spiral
D:7:      layout_gridville, kennysheep_little_box,
          minmay_temple_entry_mini_moons, uniq_prince_ribbit1
D:8:      minmay_the_grid_plus_closed [minmay_the_grid_box_x,
          minmay_the_grid_eight, minmay_the_grid_mess,
          minmay_the_grid_minigrid_medium,
          minmay_the_grid_prize_shrinking_boxes], layout_cave_pools,
          xom_teletrap_fun, uniq_joseph, uniq_gastronok
D:9:      layout_rooms, serial_shops, shop
D:10:     layout_gridville, nicolae_ru_path_of_blood, zombieorc2_lemuel,
          gammafunk_ghost_grave, uniq_josephine
D:11:     layout_loops_ring, david_lair_generic, serial_shops,
          nicolae_shop_dealshenge, uniq_lodul
D:12:     minmay_spotlight, layout_irregular_city, minmay_unpleasant_kobolds
D:13:     layout_roguey, gammafunk_ghost_wrathful_warriors, serial_shops, shop,
          uniq_jorgrun
D:14:     layout_loops_ring, david_vaults_5
D:15:     grunt_enter_depths_magical_seal, layout_irregular_city, minivault_11,
          bloody_trog
Temple:   minmay_crystal_spiral_temple
Lair:1:   minmay_lair_venomous_thicket, layout_regular_city
Lair:2:   layout_small_grid, nicolae_snake_entry_squirm, uniq_fannar
Lair:3:   gammafunk_indiana_jones, layout_cellular_growth,
          minmay_swamp_entry_swarm, gauntlet_entry_generic
Lair:4:   layout_regular_city, slime_entry_1, grunt_megastairs_5, uniq_urug
Lair:5:   minmay_lair_end_frog_pond, layout_loops_ring
Swamp:1:  dpeg_oklob_gauntlet, layout_falls_marsh, hangedman_swamp_diagram,
          uniq_frances
Swamp:2:  layout_basic_swamp, nicolae_swamp_ascending_descending_big,
          swamp_pool3, kb_tengu_band, uniq_kirke
Swamp:3:  layout_basic_swamp, evilmike_swamp_ruin_house_4, swamp_pool2,
          uniq_roxanne, uniq_aizul, uniq_mara
Orc:1:    layout_diamond_mine, nicolae_orc_flooded_monolith, uniq_sonja
Orc:2:    grunt_orc_cross, layout_diamond_mine, nicolae_orc_crystal_geode

Skill      XL: |  1  2  3  4  5  6  7  8  9 10 11 12 13 14 15 16 |
---------------+-------------------------------------------------+-----
Conjurations   | 2 3 4 5 7 8 10 11 12 14 15 | 15.2
Fighting       | 1 2 3 5 6 8 9 10 11 12 13 14 | 14.5
Fire Magic     | 4 5 7 9 11 12 13 14 15 | 15.9
Shields        | 4 6 8 9 10 11 12 | 12.1
Armour         | 3 5 7 8 9 |  9.0
Dodging        | 4 6 7 9 |  9.2
Spellcasting   | 4 6 7 |  7.1
Necromancy     | 4 6 |  6.8
Stealth        | |  2.0

Action                     |  1- 3 |  4- 6 |  7- 9 | 10-12 | 13-15 | 16-18 || total
---------------------------+-------+-------+-------+-------+-------+-------++-------
  Melee: Rapier            |    15 |       |     5 |       |       |       ||    20
         Kick              |     6 |     7 |    38 |    72 |   118 |       ||   241
         Peck              |     2 |     4 |    21 |    56 |    71 |       ||   154
         Dagger            |    11 |    35 |   100 |   189 |   140 |       ||   475
         Punch             |       |       |     2 |       |       |       ||     2
         Staff             |       |       |       |       |   107 |       ||   107
   Cast: Foxfire           |    44 |   115 |   234 |   430 |   632 |   247 ||  1702
         Scorch            |       |       |    45 |    87 |   184 |    85 ||   401
         Flame Wave        |       |       |       |    23 |    97 |    37 ||   157
         Starburst         |       |       |       |       |     3 |       ||     3
         Plasma Beam       |       |       |       |       |     5 |       ||     5
  Evoke: Wand              |       |       |       |       |     7 |       ||     7
    Use: Scroll            |     4 |       |    10 |     3 |     4 |     9 ||    30
         Potion            |     4 |       |       |     5 |     1 |       ||    10
   Stab: Sleeping          |     2 |     3 |     1 |     1 |       |       ||     7
         Distracted        |       |       |       |     1 |       |       ||     1
 Armour: Robe              |     3 |     3 |    28 |    15 |       |       ||    49
         Leather armour    |       |       |       |    31 |   102 |    16 ||   149
  Dodge: Dodged            |    32 |    21 |   141 |   188 |   368 |    58 ||   808
  Block: Kite shield       |       |       |       |   244 |   656 |    86 ||   986
         Reflection        |       |       |       |     5 |    27 |     5 ||    37

Table legend: (Time is in decaauts)
 A = Elapsed time spent in this place.
 B = Non-inter-level travel time spent in this place.
 C = Inter-level travel time spent in this place.
 D = Time resting spent in this place.
 E = Time spent auto-exploring this place.
 F = Levels seen in this place.
 G = Mean time per level.
                   A        B        C        D        E       F      G
               +--------+--------+--------+--------+--------+-----+--------+
         Total |  31989 |  29396 |   2593 |   2144 |  21236 |  28 | 1142.5 |
       Dungeon |  19688 |  17810 |   1878 |   1372 |  13117 |  15 | 1312.5 |
        Temple |    112 |     76 |     36 |      0 |     54 |   1 |  112.0 |
          Lair |   6589 |   6158 |    431 |    272 |   4569 |   5 | 1317.8 |
         Swamp |   2750 |   2637 |    113 |    325 |   1663 |   3 |  916.7 |
  Orcish Mines |   2266 |   2134 |    132 |    103 |   1544 |   2 | 1133.0 |
         Sewer |    245 |    245 |      0 |      0 |    191 |   1 |  245.0 |
      Gauntlet |    335 |    335 |      0 |     72 |     94 |   1 |  335.0 |
               +--------+--------+--------+--------+--------+-----+--------+

Top non-repeatable levels by time:
     D:8: 2063 daAuts
  Lair:5: 1724 daAuts
    D:11: 1645 daAuts
     D:7: 1568 daAuts
  Lair:3: 1522 daAuts
     D:6: 1500 daAuts
     D:5: 1422 daAuts
   Orc:2: 1377 daAuts
    D:12: 1372 daAuts
     D:3: 1367 daAuts
  Lair:2: 1362 daAuts
     D:4: 1270 daAuts
    D:10: 1266 daAuts
 Swamp:1: 1229 daAuts
    D:14: 1141 daAuts
